 Dungeon Crawl Stone Soup version 0.27.1-4-g1640c2035a (webtiles) character file.

Game seed: 15215180944057324081

277 zeram the Sneak (level 6, 0/34 HPs)
             Began as a Deep Elf Brigand on Nov 11, 2021.
             Slain by Pikel (2 damage)
             ... on level 3 of the Dungeon.
             The game lasted 00:09:21 (4909 turns).

zeram the Sneak (Deep Elf Brigand)                  Turns: 4909, Time: 00:09:21

Health: 0/34       AC:  3    Str:  8    XL:     6   Next: 4%
Magic:  9/13       EV: 12    Int: 24    God:
Gold:   190        SH:  0    Dex: 22    Spells: 10/12 levels left

rFire    . . .     SeeInvis .   a - +2 dagger
rCold    . . .     Faith    .   (no shield)
rNeg     . . .     Spirit   .   b - +0 robe
rPois    .         Reflect  .   (no helmet)
rElec    .         Harm     .   c - +0 cloak
rCorr    .         Rampage  .   (no gloves)
Will     .....                  (no boots)
Stlth    ++++......             q - amulet of the acrobat
HPRegen  0.11/turn              f - +6 ring of dexterity
MPRegen  0.13/turn              h - +6 ring of intelligence

@: very slightly contaminated
A: no striking features
a: no special abilities


You were on level 3 of the Dungeon.
You visited 1 branch of the dungeon, and saw 4 of its levels.

You collected 190 gold pieces.

Inventory:

Hand Weapons
 a - a +2 dagger (weapon)
 k - a +0 vampiric short sword
Missiles
 d - 22 poisoned darts (quivered)
 e - 2 curare-tipped darts
Armour
 b - a +0 robe (worn)
 c - a +0 cloak (worn)
Jewellery
 f - a +6 ring of dexterity (left hand)
 h - a +6 ring of intelligence (right hand)
 j - a +6 ring of strength
 q - an amulet of the acrobat (around neck)
Scrolls
 l - a scroll of magic mapping
 r - a scroll of brand weapon {unknown}
Potions
 g - a potion of heal wounds {unknown}
 i - a potion of curing {unknown}
 m - a potion of ambrosia {unknown}
 n - a potion of haste
 o - a potion of degeneration {unknown}
 p - a potion of flight {unknown}
 s - a potion of might {unknown}


   Skills:
 - Level 1.6 Fighting
 + Level 3.6 Short Blades
 - Level 2.0 Throwing
 + Level 1.8 Dodging
 + Level 7.0 Stealth
 * Level 3.9 Spellcasting


You had 10 spell levels left.
You knew the following spells:

 Your Spells              Type           Power      Damage    Failure   Level
a - Ensorcelled Hibernat  Hex/Ice        8%         N/A       16%         2

Your spell library contained the following spells:

 Spells                   Type           Power      Damage    Failure   Level
 Animate Armour           Summ/Erth      8%         N/A       69%         4
 Monstrous Menagerie      Summ           2%         N/A       100%        7
 Summon Hydra             Summ           2%         N/A       100%        7


Dungeon Overview and Level Annotations

Branches:
Dungeon (4/15)
 Temple: D:4-7

Altars:

Shops:
D:2 ?((*

Annotations:
D:3 Pikel


Message History

Pikel barely misses you. The lemure completely misses you.
Pikel barely misses you.
There is a stone staircase leading up here.
The lemure barely misses you.
Pikel hits you with a +1 whip of flaming.
Pikel burns you.
You climb upwards.
There is a stone staircase leading down here.
Casting: Ensorcelled Hibernation (safe; 16% risk of failure)
Confirm with . or Enter, or press ? or * to list all spells.
Aiming: Ensorcelled Hibernation (safe; 16% risk of failure)
Press: ? - help, Shift-Dir - straight line, f - Pikel
Aim: Pikel, wielding a +1 whip of flaming and wearing a +0 robe (chance to affect: 36%) Pikel easily resists.
The lemure hits you.
Pikel hits you with a +1 whip of flaming.
Pikel burns you.
Pikel says, "I just want to get paid!"
The lemure hits you!
* * * LOW HITPOINT WARNING * * *
The lemure hits you but does no damage.
Casting: Ensorcelled Hibernation (safe; 16% risk of failure)
Confirm with . or Enter, or press ? or * to list all spells.
Aiming: Ensorcelled Hibernation (safe; 16% risk of failure)
Press: ? - help, Shift-Dir - straight line, f/p - Pikel
Aim: Pikel, wielding a +1 whip of flaming and wearing a +0 robe (chance to affect: 36%) Pikel easily resists.
Things that are here:
a +0 chain mail; a +0 club
Casting: Ensorcelled Hibernation (safe; 16% risk of failure)
Confirm with . or Enter, or press ? or * to list all spells.
Aiming: Ensorcelled Hibernation (safe; 16% risk of failure)
Press: ? - help, Shift-Dir - straight line, f/p - Pikel
Aim: Pikel, wielding a +1 whip of flaming and wearing a +0 robe (chance to affect: 36%)
You miscast Ensorcelled Hibernation.
You are very lightly contaminated with residual magic.
Nothing appears to happen.
Pikel hits you with a +1 whip of flaming!
* * * LOW HITPOINT WARNING * * *
Pikel burns you.
You die...

######## ########### #.......
...##.....## #.......
...........## #.....<.
............# #.......
............### #.......
..............######## #.......
............#.5K@...[#####...)...
.........[..########.....#####.##
............# ####..# ##...
...........## ###.## #...#
...##.....## #...# ##..##
##.######## #.### #....# #.#
################.######.##.# #.#
#.......................##.. #.#
####...#######..............


You could see Pikel and a lemure.

Vanquished Creatures
  A howler monkey (D:3)
  A hound (D:4)
  An orc priest (D:3)
  A jelly (D:3)
  4 adders
  A shadow imp (D:3)
  An adder skeleton (D:4)
  5 worms
  A dart slug (D:2)
  6 orcs
  6 endoplasms
  3 giant cockroaches
  10 goblins
  10 hobgoblins
  2 jackals (D:3)
  7 kobolds
  2 quokkas
  6 ball pythons
  3 bats
  6 frilled lizards
  6 rats
83 creatures vanquished.

Vanquished Creatures (others)
  5 plants (D:2)
5 creatures vanquished.

Grand Total: 88 creatures vanquished

Notes
Turn   | Place    | Note
-------+----------+-------------------------------------------
     0 | D:1      | zeram the Deep Elf Brigand began the quest for the Orb.
     0 | D:1      | Reached XP level 1. HP: 12/12 MP: 3/3
   430 | D:1      | Reached skill level 5 in Stealth
   607 | D:1      | Reached XP level 2. HP: 14/16 MP: 4/4
   999 | D:2      | Found Fiegig's General Store.
  1004 | D:2      | Reached skill level 1 in Spellcasting
  1107 | D:2      | Found Raskahumpi's Weapon Shop.
  1166 | D:2      | Reached XP level 3. HP: 9/20 MP: 8/8
  1459 | D:2      | Found a faded altar of an unknown god.
  1920 | D:2      | Found Ogyudigh's Weapon Shoppe.
  1938 | D:2      | Found Naeplez's Magic Scroll Shoppe.
  1948 | D:2      | Got the Almanac of the Eight Beds
  1952 | D:2      | Learned a level 2 spell: Ensorcelled Hibernation
  2094 | D:2      | Reached XP level 4. HP: 25/25 MP: 10/10
  2481 | D:2      | Reached skill level 6 in Stealth
  3715 | D:4      | Reached XP level 5. HP: 29/29 MP: 11/11
  3721 | D:4      | Noticed Pikel
  3721 | D:4      | Noticed a lemure
  3723 | D:4      | Noticed a lemure
  3724 | D:4      | Noticed a lemure
  3739 | D:4      | Noticed a lemure
  3747 | D:4      | Noticed a phantom
  4721 | D:3      | Reached skill level 7 in Stealth
  4721 | D:3      | Reached XP level 6. HP: 16/34 MP: 7/13
  4909 | D:3      | Slain by Pikel

Illustrated notes

Levels and vault maps discovered:
D:1:      lemuel_arrival_hallway, layout_loops_corners,
          minmay_stone_trees_small, minmay_unequal
D:2:      cheibrodos_greedy_goblins, layout_loops_ring, serial_shops,
          shop_coins, nicolae_shop_statue_plus, shop, shop,
          chequers_ecumenical_altar_lobes, st_stairs_14, minmay_misc_feat_square
D:3:      layout_rooms
D:4:      minmay_diamond_boxcup, layout_basic, kennysheep_mini_moat,
          minmay_temple_entry_slanted, uniq_pikel

Skill      XL: |  1  2  3  4  5 |
---------------+----------------+-----
Stealth        | 5 6 7 |  7.0
Spellcasting   | 2 3 |  3.9
Short Blades   | 3 |  3.6
Fighting       | |  1.6
Throwing       | |  2.0
Dodging        | |  1.8

Action                   |  1- 3 |  4- 6 || total
-------------------------+-------+-------++-------
Melee: Dagger            |    88 |   142 ||   230
 Cast: Ensorcelled Hiber |       |    36 ||    36
  Use: Scroll            |     1 |     1 ||     2
       Potion            |       |     1 ||     1
 Stab: Sleeping          |    15 |    26 ||    41
       Distracted        |     1 |     1 ||     2
Armor: Robe              |    10 |    25 ||    35
Dodge: Dodged            |    32 |    86 ||   118
